 Dungeon Crawl Stone Soup version 0.26.1-11-gd32895ea62 (webtiles) character file.

Game seed: 7122082571179926053

2864 Almogavar the Cleaver (level 9, -7/78 HPs)
             Began as a Hill Orc Fighter on Apr 30, 2021.
             Was a Priest of Qazlal.
             Mangled by an orc warrior
             ... wielding a +0 war axe
              (19 damage)
             ... on level 7 of the Dungeon.
             The game lasted 00:17:47 (7276 turns).

Almogavar the Cleaver (Hill Orc Fighter)            Turns: 7276, Time: 00:17:48

Health: -7/78      AC: 13    Str: 22    XL:     9   Next: 75%
Magic:  9/9        EV:  7    Int:  8    God:    Qazlal [***...]
Gold:   321        SH:  0    Dex: 10    Spells: 8/8 levels left

rFire    . . .     SeeInvis +   a - +4 hand axe
rCold    . . .     Faith    .   c - +0 kite shield
rNeg     + . .     Spirit   .   y - +0 chain mail
rPois    .         Reflect  .   b - +0 helmet
rElec    .         Harm     .   (no cloak)
rCorr    .         Rampage  .   A - +0 pair of gloves
Will     .....                  (no boots)
Stlth    ..........             (no amulet)
HPRegen  0.23/turn              H - ring of see invisible
MPRegen  0.11/turn              q - ring of positive energy

@: confused
A: no striking features
a: Renounce Religion, Convert to Beogh, Upheaval, Elemental Force


You were on level 7 of the Dungeon.
You worshipped Qazlal.
Qazlal was most pleased with you.
You visited 1 branch of the dungeon, and saw 7 of its levels.

You collected 321 gold pieces.

Inventory:

Hand Weapons
 a - a +4 hand axe (weapon)
 g - a +2 trident of flaming
 s - a cursed -2 whip
Missiles
 f - 85 arrows
 l - 337 stones
 B - 63 poisoned darts (quivered)
 C - 70 sling bullets
 E - 4 curare-tipped darts
 F - 3 boomerangs
Armour
 b - a +0 helmet (worn)
 c - a +0 kite shield (worn)
 n - a +0 plate armour
 y - a +0 chain mail (worn)
 A - a +0 pair of gloves (worn)
Jewellery
 q - a ring of positive energy (right hand)
 H - a ring of see invisible (left hand)
 J - an uncursed ring of flight
 L - an uncursed amulet of the acrobat {unknown}
Wands
 I - a wand of polymorph (11)
 K - a wand of iceblast (7)
Scrolls
 e - a scroll of fog
 o - a scroll of amnesia {unknown}
 p - 2 scrolls of blinking {unknown}
 r - a scroll of immolation {unknown}
 t - 7 scrolls of teleportation
 v - 2 scrolls of enchant weapon {unknown}
 x - 3 scrolls of enchant armour {unknown}
 z - a scroll of fear {unknown}
Potions
 d - a potion of might
 h - a potion of ambrosia
 i - 4 potions of magic {unknown}
 j - a potion of heal wounds {unknown}
 k - a potion of flight {unknown}
 m - a potion of berserk rage {unknown}
 u - 3 potions of curing {unknown}
 w - a potion of lignification {unknown}
 D - a potion of degeneration {unknown}
 G - a potion of brilliance {unknown}


   Skills:
 + Level 6.4 Fighting
 + Level 11.4 Axes
 + Level 2.6 Throwing
 + Level 6.9 Armour
 + Level 1.1 Dodging
 + Level 7.1 Shields


You had 8 spell levels left.
You didn't know any spells.
Your spell library contained the following spells:

 Spells                   Type           Power        Failure   Level
 Corona                   Hex            0%           100%        1
 Ensorcelled Hibernation  Hex/Ice        0%           100%        2
 Confusing Touch          Hex            0%           100%        3
 Dazzling Flash           Conj/Hex       0%           100%        3
 Tukima's Dance           Hex            0%           100%        3


Dungeon Overview and Level Annotations

Branches:
Dungeon (7/15)             Temple (0/1) D:5

Altars:
Gozag
Hepliaklqana
Kikubaaqudgha
Qazlal
Uskayaw
The Shining One

Annotations:
D:4 2 transporters, Quickbrownfox's ghost, amateur MiFi


Message History

You hear a shout!
You hit the orc warrior.
The orc warrior is heavily wounded.
You slash the orc wizard!
You kill the orc wizard!
Qazlal accepts your kill.
The orc priest hits the bush but does no damage.
Unknown command.
You closely miss the orc. You closely miss the orc warrior.
You block the orc warrior's attack.
The orc wizard completely misses something.
The orc barely misses you.
The orc priest invokes the aid of Beogh against you.
Beogh smites you!
* * * LOW HITPOINT WARNING * * *
You are confused.
You feel invigorated.
You hear a shout!
The orc warrior hits you with a +0 war axe!!
You die...

##.#.## #
#..#.#
#.##.#
#(##.#
#.##.######
.
#(##......#
.<.
#.#######.#
.....##o#
......o@#
.....##)#


PPPP P.# P.. ...# P. PPP## P oP o .. You could see an orc warrior, an orc
priest, an orc wizard and an orc.

Vanquished Creatures
  Pikel (D:4)
  Eustachio (D:4)
  Duvessa (D:6)
  2 sky beasts
  A phantom (D:6)
  2 ice beasts (D:6)
  3 ogres
  A centaur (D:7)
  Dowan (D:6)
  2 scorpions
  4 wights (D:6)
  A bullfrog zombie (D:5)
  4 hounds
  A centaur skeleton (D:6)
  6 orc priests
  8 orc wizards
  A bullfrog skeleton (D:4)
  5 worker ants
  A hound zombie (D:6)
  2 hound skeletons (D:5)
  13 adders
  4 gnolls (D:3)
  2 white imps
  An adder skeleton (D:4)
  4 worms
  2 dart slugs
  4 leopard geckos
  28 orcs
  3 bat skeletons (D:2)
  2 bat zombies (D:2)
  5 giant cockroaches
  7 hobgoblins
  10 jackals
  7 kobolds
  A quokka (D:4)
  5 bats
  5 frilled lizards
  5 goblins
  A jackal skeleton (D:4)
  A leopard gecko zombie (D:5)
  A quokka zombie (D:6)
  5 rats
164 creatures vanquished.

Notes
Turn   | Place    | Note
-------+----------+-------------------------------------------
     0 | D:1      | Almogavar the Hill Orc Fighter began the quest for the Orb.
     0 | D:1      | Reached XP level 1. HP: 19/19 MP: 1/1
   288 | D:1      | Reached XP level 2. HP: 27/27 MP: 2/2
   918 | D:2      | Reached skill level 3 in Axes
  1028 | D:2      | Reached XP level 3. HP: 33/33 MP: 3/3
  1045 | D:2      | Found an ancient bone altar of Kikubaaqudgha.
  1366 | D:2      | Found a stormy altar of Qazlal.
  1431 | D:2      | Found an opulent altar of Gozag.
  1431 | D:2      | Found a hide-covered altar of Uskayaw.
  1431 | D:2      | Found a hazy altar of Hepliaklqana.
  1438 | D:2      | Became a worshipper of Qazlal Stormbringer
  1617 | D:2      | Found a glowing golden altar of the Shining One.
  1630 | D:2      | Reached XP level 4. HP: 34/40 MP: 4/4
  2141 | D:3      | Reached skill level 4 in Axes
  2614 | D:3      | Reached XP level 5. HP: 36/46 MP: 5/5
  2884 | D:3      | Reached * piety under Qazlal
  3473 | D:4      | Reached skill level 5 in Axes
  3473 | D:4      | Reached XP level 6. HP: 34/52 MP: 6/6
  3599 | D:4      | Reached skill level 5 in Armour
  3889 | D:4      | Reached skill level 6 in Axes
  4183 | D:4      | Reached XP level 7. HP: 58/60 MP: 7/7
  4331 | D:4      | Reached ** piety under Qazlal
  4475 | D:4      | Noticed Eustachio
  4523 | D:4      | Killed Eustachio
  4524 | D:4      | Reached skill level 7 in Axes
  4602 | D:4      | Reached skill level 5 in Shields
  4869 | D:4      | Reached skill level 1 in Throwing
  5095 | D:4      | Noticed Pikel
  5108 | D:4      | Killed Pikel
  5109 | D:4      | Reached skill level 5 in Fighting
  5109 | D:4      | Reached skill level 8 in Axes
  5109 | D:4      | Reached skill level 1 in Dodging
  5109 | D:4      | Reached XP level 8. HP: 66/68 MP: 8/8
  5429 | D:4      | Found a transporter.
  5429 | D:4      | Noticed Quickbrownfox's ghost (amateur MiFi)
  5437 | D:4      | Found a transporter.
  5503 | D:5      | Entered Level 5 of the Dungeon
  5513 | D:5      | Reached skill level 9 in Axes
  5819 | D:5      | Reached XP level 9. HP: 53/74 MP: 9/9
  5968 | D:5      | You fall into a shaft and drop 1 floor!
  5975 | D:6      | Reached *** piety under Qazlal
  5988 | D:6      | Reached skill level 10 in Axes
  6494 | D:5      | Found a staircase to the Ecumenical Temple.
  6780 | D:6      | Noticed Duvessa
  6785 | D:6      | Noticed Dowan
  6791 | D:6      | Reached skill level 11 in Axes
  6796 | D:6      | Killed Duvessa
  6800 | D:6      | Killed Dowan
  7276 | D:7      | Mangled by an orc warrior

Illustrated notes

Levels and vault maps discovered:
D:1:      ncdulo_smallfort, layout_basic, serial_co_window_serial,
          co_window_paths_b, co_window_paths_a, co_window_of_opportunity_a,
          co_window_corner_a, co_window_paths_a, co_window_paths_a,
          co_window_broadway_c, co_window_corner_b, co_window_corner_b,
          co_window_4corner_b, glass_columns_a
D:2:      layout_loops_ring, kennysheep_vampire_church,
          grunt_temple_overflow_open, tso_altar
D:3:      layout_loops_ring
D:4:      layout_loops_ring, gammafunk_ghost_smash, uniq_eustachio, uniq_pikel
D:5:      minmay_octagon_keep, layout_rooms, minmay_temple_entry_hall,
          minivault_11
D:6:      layout_rooms, uniq_duvessa
D:7:      layout_loops_ring, good_gods_temple_1, led_sif_book,
          minmay_hedge_maze, item_on_display_a, uniq_menkaure, uniq_joseph,
          uniq_harold

Skill      XL: |  1  2  3  4  5  6  7  8  9 |
---------------+----------------------------+-----
Axes           | 3 4 5 6 8 9 11 | 11.4
Armour         | 4 5 6 |  6.9
Shields        | 4 5 6 7 |  7.1
Fighting       | 4 5 6 |  6.4
Throwing       | 1 2 |  2.6
Dodging        | 1 |  1.1

Action                   |  1- 3 |  4- 6 |  7- 9 || total
-------------------------+-------+-------+-------++-------
Melee: War axe           |   123 |   173 |   328 ||   624
       Hand axe          |       |       |    40 ||    40
Throw: Dart              |       |    12 |    45 ||    57
  Use: Scroll            |     1 |     6 |     2 ||     9
       Potion            |       |       |     1 ||     1
Armor: Scale mail        |    73 |    14 |       ||    87
       Chain mail        |       |    76 |   137 ||   213
Dodge: Dodged            |    52 |    37 |    57 ||   146
Block: Kite shield       |    68 |    84 |   219 ||   371
